 Dungeon Crawl Stone Soup version 0.23.2-30-g0e89c35 (webtiles) character file.

Game seed: 5571954039272086258

1262 Nev the Skirmisher (level 8, -3/76 HPs)
             Began as a Deep Dwarf Necromancer on June 14, 2019.
             Was an Initiate of Makhleb.
             Slain by an orc warrior
             ... wielding a +0 war axe
              (20 damage)
             ... on level 6 of the Dungeon.
             The game lasted 00:17:16 (3743 turns).

Nev the Skirmisher (Deep Dwarf Necromancer)         Turns: 3743, Time: 00:17:17

Health: -3/76      AC:  7    Str: 20    XL:     8   Next: 27%
Magic:  0/9        EV: 13    Int: 16    God:    Makhleb [......]
Gold:   243        SH:  0    Dex: 13    Spells: 5/10 levels left

rFire    . . .     SeeInvis +   t - +2 quarterstaff (chaos)
rCold    . . .     Gourm    .   (shield currently unavailable)
rNeg     . . .     Faith    .   v - +0 ring mail (curse)
rPois    .         Spirit   .   G - +0 hat of Bad Feelings {*Corrode MR+++ Str+6}
rElec    .         Reflect  .   u - +0 cloak
rCorr    .         Harm     .   (no gloves)
MR       +++++                  (no boots)
Stlth    ++........             (no amulet)
HPRegen  0.00/turn              q - ring of see invisible
MPRegen  0.11/turn              p - ring of protection from magic

@: non-regenerating
A: damage resistance, heal wounds, sense surroundings 1, no regeneration
a: Heal Wounds, Renounce Religion


You were on level 6 of the Dungeon.
You worshipped Makhleb.
Makhleb was noncommittal.
You were hungry.

You visited 2 branches of the dungeon, and saw 7 of its levels.

You collected 243 gold pieces.

Inventory:

Hand Weapons
 e - a +1 long sword of slicing
 g - a +0 hunting sling
 t - a +2 quarterstaff of chaos (weapon)
Missiles
 b - 112 arrows
 f - 62 sling bullets
 h - 6 tomahawks of returning
 m - 9 poisoned needles
 H - a throwing net (quivered)
Armour
 a - a +0 helmet
 u - a +0 cloak (worn)
 v - a cursed +0 ring mail (worn)
 x - a +0 large shield
 G - the +0 hat of Bad Feelings (worn) {*Corrode MR+++ Str+6}
   (You found it on level 6 of the Dungeon)

   It affects your strength (+6).
   It affects your resistance to hostile enchantments.
   It may corrode you when you take damage.
Jewellery
 i - a +3 ring of intelligence
 p - a ring of protection from magic (right hand)
 q - a ring of see invisible (left hand)
Wands
 z - a wand of random effects (19)
Scrolls
 d - 2 scrolls of random uselessness {unknown}
 j - a scroll of magic mapping {unknown}
 k - 6 scrolls of teleportation
 l - 2 scrolls of immolation {unknown}
 r - 3 scrolls of remove curse
 y - 2 scrolls of amnesia {unknown}
 E - 3 scrolls of noise {unknown}
Potions
 n - 2 potions of haste {unknown}
 o - 2 potions of degeneration {unknown}
 s - 2 potions of curing
 w - 2 potions of might {unknown}
 A - a potion of heal wounds {unknown}
 B - a potion of flight {unknown}
 C - a potion of mutation {unknown}
 D - a potion of invisibility {unknown}
Comestibles
 c - 7 rations
 F - 3 chunks of flesh


   Skills:
 * Level 6.2 Fighting
 - Level 5.0 Armour
 - Level 5.0 Dodging
 - Level 4.0 Stealth
 - Level 1.7 Spellcasting
 - Level 5.0 Necromancy


You had 5 spell levels left.
You knew the following spells:

 Your Spells              Type           Power        Failure   Level  Hunger
a - Pain                  Necr           ###.         4%          1    ##.....
b - Animate Skeleton      Necr           N/A          4%          1    ##.....
c - Vampiric Draining     Necr           ###.......   13%         3    ####...

Your spell library contained the following spells:

 Spells                   Type           Power        Failure   Level  Hunger
 Freeze                   Ice            #...         34%         1    ##.....
 Summon Small Mammal      Summ           #...         34%         1    ##.....
 Animate Dead             Necr           N/A          41%         4    #####..
 Call Imp                 Summ           #.......     45%         2    ###....
 Throw Frost              Conj/Ice       #.....       45%         2    ###....
 Call Canine Familiar     Summ           #.......     71%         3    ####...
 Ozocubu's Armour         Chrm/Ice       #.......     71%         3    ####...
 Summon Guardian Golem    Hex/Summ       #.......     71%         3    ####...
 Summon Ice Beast         Ice/Summ       #.......     98%         4    #####..
 Summon Lightning Spire   Summ/Air       #.......     98%         4    #####..
 Throw Icicle             Conj/Ice       #.......     98%         4    #####..
 Regeneration             Chrm/Necr      Unusable     N/A         3    N/A

Dungeon Overview and Level Annotations

Branches:
Dungeon (6/15)             Temple (1/1) D:5

Altars:
Dithmenos
Elyvilon
Fedhas
Gozag
Hepliaklqana
Makhleb
Nemelex Xobeh
Okawaru
Qazlal
Sif Muna
Trog
Vehumet
Wu Jian
Xom
Yredelemnul
Zin

Shops:
D:4 %   D:6 (


Innate Abilities, Weirdness & Mutations

You are resistant to damage.
You can heal yourself by infusing magical energy.
You passively map a small area around you.
You do not regenerate.


Message History

The orc barely misses you. The orc warrior completely misses you.
You feel much better. The orc barely misses you.
You hit the orc warrior but do no damage.
The orc warrior is almost dead.
The orc warrior hits you with a +0 war axe!
* * * LOW HITPOINT WARNING * * *
The orc hits you but does no damage.
The orc hits you from afar with a +0 trident.
* * * LOW HITPOINT WARNING * * *
You feel much better.
The orc warrior hits you with a +0 war axe!!
* * * LOW HITPOINT WARNING * * *
Casting: Pain (safe; 4% risk of failure)
Confirm with . or Enter, or press ? or * to list all spells.
Aiming: Pain (safe; 4% risk of failure)
Press: ? - help, Shift-Dir - straight line, f/p - orc warrior
Aim: an orc warrior, wielding a +0 war axe and wearing a +0 plate armour (almost dead, poisoned, chance to defeat MR: 76%)
The orc warrior barely resists.
The orc closely misses you.
The orc warrior hits you with a +0 war axe!!
You die...

.........##................# #.##
......o....>.......######..###.#
.........##...........###...#..#
#........##.......###..###..#.###
#........##.........##.###.......
#....o...##.......#..#.......###'
#...o....##.o..ooo##.#####...#...
.........#..####o###..#......#.♣.
..###.##.#.## #@# ##.....<..+.._
.........oo.# #.# #..#.....#.♣.
#.#.........# #.# ##.......#...
............####.# #.#.....###'
.#.#.............#####)#.........
. .#....##.##.##.................
, ...... ... ..#.................
..... ##. ##.................
.... ., #.................


You could see an orc warrior and 3 orcs.

Vanquished Creatures
  Sigmund (D:5)
  Menkaure (D:5)
  Edmund (D:6)
  An ogre (D:4)
  Blork the orc (D:5)
  3 bullfrogs (D:6)
  A howler monkey (D:5)
  3 hounds
  Crazy Yiuf (D:3)
  2 bullfrog skeletons
  A worker ant (D:5)
  Natasha (thrice) (D:2)
  An orc wizard (D:5)
  A hound skeleton (D:6)
  A worker ant zombie (D:6)
  6 adders
  2 shadow imps (D:5)
  2 worms (D:2)
  A dart slug (D:2)
  2 leopard geckos (D:1)
  7 orcs
  7 giant cockroaches
  9 goblins
  7 hobgoblins
  6 jackals
  2 quokkas
  A ball python (D:5)
  11 bats
  4 frilled lizards
  A jackal zombie (D:5)
  5 kobolds
  A quokka skeleton (D:5)
  12 rats
108 creatures vanquished.

Vanquished Creatures (collateral kills)
  A ball python (D:2)
1 creature vanquished.

Grand Total: 109 creatures vanquished

Notes
Turn   | Place    | Note
-------+----------+-------------------------------------------
     0 | D:1      | Nev the Deep Dwarf Necromancer began the quest for the Orb.
     0 | D:1      | Reached XP level 1. HP: 15/15 MP: 3/3
   113 | D:1      | Reached XP level 2. HP: 16/22 MP: 2/4
   142 | D:1      | Reached skill level 5 in Necromancy
   206 | D:1      | Found a sparkling altar of Nemelex Xobeh.
   430 | D:1      | Reached XP level 3. HP: 20/28 MP: 5/5
   671 | D:2      | Learned a level 1 spell: Animate Skeleton
   675 | D:2      | Learned a level 3 spell: Vampiric Draining
   923 | D:2      | Noticed Natasha
   934 | D:2      | Killed Natasha
   934 | D:2      | Reached skill level 1 in Fighting
   934 | D:2      | Reached XP level 4. HP: 39/39 MP: 0/6
  1027 | D:2      | Reached skill level 2 in Fighting
  1041 | D:2      | Noticed Natasha
  1052 | D:2      | Killed Natasha
  1218 | D:2      | Noticed Natasha
  1223 | D:2      | Killed Natasha
  1223 | D:2      | Reached skill level 3 in Fighting
  1249 | D:2      | Reached XP level 5. HP: 22/49 MP: 3/7
  1514 | D:3      | Found a faded altar of an unknown god.
  1584 | D:3      | Found a runed translucent door.
  1585 | D:3      | Noticed Crazy Yiuf
  1591 | D:3      | Killed Crazy Yiuf
  1654 | D:3      | Noticed a glowing shapeshifter
  1654 | D:3      | an adder changed into a glowing shapeshifter
  1654 | D:3      | Noticed a moth of wrath
  1654 | D:3      | a glowing shapeshifter changed into a moth of wrath
  1656 | D:3      | Noticed a water nymph
  1656 | D:3      | a moth of wrath changed into a water nymph
  1657 | D:3      | Noticed a swamp worm
  1657 | D:3      | a water nymph changed into a swamp worm
  1659 | D:3      | Noticed a merfolk
  1659 | D:3      | a swamp worm changed into a merfolk
  1690 | D:3      | Reached skill level 4 in Fighting
  1889 | D:4      | Reached skill level 1 in Armour
  2119 | D:4      | Noticed an ogre
  2167 | D:4      | HP: 1/50 [ogre/+0 giant club (21)]
  2176 | D:4      | Killed an ogre
  2176 | D:4      | Reached XP level 6. HP: 30/57 MP: 1/7
  2209 | D:4      | Found Hoaw's Food Shoppe.
  2649 | D:5      | Entered Level 5 of the Dungeon
  2716 | D:5      | Found a staircase to the Ecumenical Temple.
  2725 | Temple   | Entered the Ecumenical Temple
  2781 | D:5      | Noticed Blork the orc
  2815 | D:5      | Killed Blork the orc
  2815 | D:5      | Reached XP level 7. HP: 33/64 MP: 4/8
  2972 | D:5      | Noticed Menkaure
  2983 | D:5      | Killed Menkaure
  2983 | D:5      | Reached skill level 5 in Dodging
  3113 | D:5      | Found a white marble altar of Elyvilon.
  3118 | D:5      | Noticed Sigmund
  3130 | D:5      | Killed Sigmund
  3454 | D:6      | Reached skill level 5 in Armour
  3559 | D:6      | Noticed Edmund
  3569 | D:6      | Killed Edmund
  3569 | D:6      | Reached skill level 5 in Fighting
  3569 | D:6      | Reached XP level 8. HP: 42/75 MP: 2/9
  3590 | D:6      | Found a burning altar of Makhleb.
  3595 | D:6      | Became a worshipper of Makhleb the Destroyer
  3643 | D:6      | Found Puddemuk's Antique Weapon Boutique.
  3644 | D:6      | Got a crude hat
  3655 | D:6      | Identified the +0 hat of Bad Feelings {*Corrode MR+++
                  | Str+6} (You found it on level 6 of the Dungeon)
  3731 | D:6      | Reached skill level 6 in Fighting
  3739 | D:6      | HP: 1/76 [orc warrior/+0 war axe (13)]
  3743 | D:6      | Slain by an orc warrior

Skill      XL: |  1  2  3  4  5  6  7  8 |
---------------+-------------------------+-----
Necromancy     | 5 |  5.0
Stealth        | 3 4 |  4.0
Fighting       | 1 3 4 5 6 |  6.2
Armour         | 2 3 5 |  5.0
Dodging        | 3 4 5 |  5.0
Spellcasting   | |  1.7

Action                   |  1- 3 |  4- 6 |  7- 9 || total
-------------------------+-------+-------+-------++-------
Melee: Dagger            |     8 |       |       ||     8
       Quarterstaff      |       |    36 |    50 ||    86
 Fire: Hunting sling     |    53 |    39 |     8 ||   100
Throw: Throwing net      |       |     2 |     1 ||     3
       Tomahawk          |       |       |     3 ||     3
 Cast: Pain              |    45 |    40 |    21 ||   106
       Vampiric Draining |     1 |    13 |    10 ||    24
       Animate Skeleton  |       |     3 |     2 ||     5
 Abil: Heal Wounds       |     1 |     5 |     2 ||     8
  Use: Scroll            |       |     1 |     1 ||     2
 Stab: Sleeping          |     1 |     4 |       ||     5
       Held in net/web   |       |     1 |     1 ||     2
       Paralysed         |       |     1 |     1 ||     2
  Eat: Chunk             |     1 |     9 |     4 ||    14
Armor: Robe              |     5 |     8 |       ||    13
       Ring mail         |       |       |    20 ||    20
Dodge: Dodged            |    18 |    38 |    59 ||   115
